 Dungeon Crawl Stone Soup version 0.24-a0-434-gd57e52fea8 (webtiles) character file.

Game seed: 12985315393326662206

67854 StandStab the Severer (level 14, -14/138 HPs)
             Began as a Minotaur Fighter on June 15, 2019.
             Was the Champion of Okawaru.
             Demolished by Donald
             ... wielding a +1 eveningstar of protection
              (17 damage)
             ... on level 2 of the Orcish Mines.
             The game lasted 02:26:16 (21290 turns).

StandStab the Severer (Minotaur Fighter)           Turns: 21290, Time: 02:26:16

Health: -14/138    AC: 25    Str: 24    XL:     14   Next: 84%
Magic:  0/13       EV:  7    Int:  5    God:    Okawaru [******]
Gold:   971        SH:  0    Dex: 15    Spells: 13/13 levels left

rFire    . . .     SeeInvis .   T - +9 battleaxe "Hejam" {holy, -Tele rElec rC+}
rCold    + . .     Gourm    .   (shield currently unavailable)
rNeg     . . .     Faith    .   O - +6 plate armour {ponderous}
rPois    +         Spirit   +   (helmet restricted)
rElec    +         Reflect  .   C - scarf {Spirit}
rCorr    .         Harm     .   (no gloves)
MR       +....     NoTele   +   a - +2 pair of boots {run}
Stlth    ..........             g - amulet of the acrobat
HPRegen  0.33/turn              E - ring of poison resistance
MPRegen  0.13/turn              R - +3 ring of dexterity

@: no status effects
A: retaliatory headbutt, horns 2
a: Heroism, Finesse, Renounce Religion


You were on level 2 of the Orcish Mines.
You worshipped Okawaru.
Okawaru was exalted by your worship.
You were not hungry.

You visited 5 branches of the dungeon, and saw 23 of its levels.
You also visited: Ice Cave and Volcano.

You collected 1171 gold pieces.
You spent 200 gold pieces at shops.

Inventory:

Hand Weapons
 A - the +9 war axe "Beetle's Funeral" {freeze, Str+3 Int-2 Dex+7}
   (Okawaru gifted it to you on level 11 of the Dungeon)

   It has been specially enchanted to freeze those struck by it, causing extra
   injury to most foes and up to half again as much damage against particularly
   susceptible opponents.
   It can also slow down cold-blooded creatures.
   It affects your strength (+3).
   It affects your intelligence (-2).
   It affects your dexterity (+7).
 Q - the +9 broad axe "Cehux" {antimagic, rF+}
   (You found it in an ice cave)

   It reduces the magical energy of the wielder, and disrupts the spells and
   magical abilities of those hit.
   Natural abilities and divine invocations are not affected.
   It protects you from fire.
 T - the +9 battleaxe "Hejam" (weapon) {holy, -Tele rElec rC+}
   (Okawaru gifted it to you on level 6 of the Lair of Beasts)

   It has been blessed by the Shining One to cause great damage to the undead
   and demons.
   It protects you from cold.
   It insulates you from electricity.
   It prevents most forms of teleportation.
 Y - a +6 battleaxe of electrocution
   (You took it off Rupert on level 2 of the Orcish Mines)
Armour
 a - a +2 pair of boots of running (worn)
   (Okawaru gifted it to you on level 2 of the Orcish Mines)
 r - a scarf of cloud immunity
   (You bought it in a shop on level 2 of the Orcish Mines)
 t - a +1 pair of boots
   (You found it on level 2 of the Dungeon)
 y - a +2 ring mail of poison resistance
   (You found it on level 2 of the Lair of Beasts)
 C - a scarf of spirit shield (worn)
   (You found it on level 10 of the Dungeon)
 K - the +3 chain mail "Porribb" {rPois}
   (You found it on level 4 of the Lair of Beasts)

   It protects you from poison.
 L - a +2 robe of cold resistance
   (You took it off a wizard on level 11 of the Dungeon)
 N - the +0 buckler of Dupim {rPois rF- SInv}
   (You found it on level 11 of the Dungeon)

   It makes you vulnerable to fire.
   It protects you from poison.
   It lets you see invisible.
 O - a +6 plate armour of ponderousness (worn)
   (Okawaru gifted it to you on level 3 of the Lair of Beasts)
 U - a +1 buckler of protection
   (Okawaru gifted it to you on level 6 of the Lair of Beasts)
 Z - a +2 ring mail of positive energy
   (You took it off Rupert on level 2 of the Orcish Mines)
Jewellery
 g - an amulet of the acrobat (around neck)
   (You found it on level 2 of the Dungeon)
 E - a ring of poison resistance (left hand)
   (You found it on level 4 of the Lair of Beasts)
 R - a +3 ring of dexterity (right hand)
   (You found it on level 6 of the Lair of Beasts)
 V - an uncursed ring of protection from cold
   (You found it on level 6 of the Lair of Beasts)
Wands
 J - a wand of iceblast (17)
   (You found it on level 1 of the Lair of Beasts)
Scrolls
 b - a scroll of acquirement
 h - 6 scrolls of remove curse
 j - 4 scrolls of magic mapping
 k - 2 scrolls of fear
 l - 10 scrolls of enchant armour
 n - 8 scrolls of teleportation
 o - 3 scrolls of amnesia
 u - 4 scrolls of identify
 F - 7 scrolls of enchant weapon
 G - 3 scrolls of immolation
 H - a scroll of fog
 I - a scroll of brand weapon
 M - 3 scrolls of blinking
Potions
 d - 3 potions of brilliance
 e - 3 potions of might
 i - 6 potions of curing
 m - 5 potions of flight
 p - 3 potions of heal wounds
 q - 3 potions of agility
 s - 2 potions of haste
 w - a potion of magic
 x - 3 potions of cancellation
 z - 2 potions of lignification
 B - 2 potions of resistance
 P - a potion of berserk rage
Comestibles
 c - 24 chunks of flesh
 f - 30 rations


   Skills:
 + Level 16.5 Fighting
 + Level 17.7 Axes
 - Level 12.3 Armour
 - Level 15.0 Shields


You had 13 spell levels left.
You didn't know any spells.
Your spell library contained the following spells:

 Spells                   Type           Power        Failure   Level  Hunger
 Infusion                 Chrm           #...         99%         1    ##.....
 Summon Small Mammal      Summ           #...         99%         1    ##.....
 Blink                    Tloc           N/A          100%        2    ###....
 Call Imp                 Summ           #.......     100%        2    ###....
 Shroud of Golubria       Chrm/Tloc      #.....       100%        2    ###....
 Song of Slaying          Chrm           #.......     100%        2    ###....
 Call Canine Familiar     Summ           #.......     100%        3    ####...
 Gell's Gravitas          Tloc           #.........   100%        3    ####...
 Lesser Beckoning         Tloc           #.........   100%        3    ####...
 Regeneration             Chrm/Necr      #.........   100%        3    ####...
 Spectral Weapon          Hex/Chrm       #.......     100%        3    ####...
 Summon Guardian Golem    Hex/Summ       #.......     100%        3    ####...
 Teleport Other           Tloc           #.......     100%        3    ####...
 Passage of Golubria      Tloc           N/A          100%        4    #####..
 Summon Ice Beast         Ice/Summ       #.......     100%        4    #####..
 Summon Lightning Spire   Summ/Air       #.......     100%        4    #####..
 Bolt of Magma            Conj/Fire/Erth #.........   100%        5    ######.
 Iskenderun's Battlesphe  Conj/Chrm      #.......     100%        5    ######.
 Venom Bolt               Conj/Pois      #.........   100%        5    ######.
 Iron Shot                Conj/Erth      #.........   100%        6    #######
 Orb of Destruction       Conj           #.........   100%        7    #######
 Spellforged Servitor     Conj/Summ      #.........   100%        7    #######


Dungeon Overview and Level Annotations

Branches:
Dungeon (13/15)            Temple (1/1) D:5            Lair (6/6) D:10
  Swamp (0/4) Lair:2       Spider (1/4) Lair:4        Slime (0/5) Lair:6
    Orc (2/2) D:11
    Elf: Orc:2       Vaults: D:13-14

Altars:
Ashenzari
Cheibriados
Dithmenos
Elyvilon
Fedhas
Gozag
Hepliaklqana
Kikubaaqudgha
Makhleb
Nemelex Xobeh
Okawaru
Qazlal
Ru
Sif Muna
Trog
Uskayaw
Vehumet
Wu Jian
Xom
Yredelemnul
Zin
The Shining One
Beogh
Jiyva

Shops:
D:10 *   Orc:2 [

Annotations:
Orc:2 Donald


Innate Abilities, Weirdness & Mutations

You reflexively headbutt those who attack you in melee.
You have a pair of horns on your head.


Message History

Thank you for shopping at Mownaojo's Antique Armour Boutique!
Wear which item? (? for menu, Esc to quit)
You start removing your armour.
You continue taking off your scarf of spirit shield. x4
You finish taking off your scarf of spirit shield.
You feel strangely alone.
You start putting on your armour.
You continue putting on your runed scarf. x5
You finish putting on your scarf of cloud immunity.
You feel immune to the effects of clouds.
You start removing your armour.
You continue taking off your scarf of cloud immunity. x4
You finish taking off your scarf of cloud immunity.
You feel vulnerable to the effects of clouds.
You start putting on your armour.
You continue putting on your scarf of spirit shield. x5
You finish putting on your scarf of spirit shield.
You feel your power drawn to a protective spirit.
Things that are here:
a +0 trident; a +0 chain mail; an orc skeleton
There is an open door, spattered with blood here.
You open the door. 2 orc priests come into view.
The orc priest shouts! x2
The orc priest looks encouraged for a moment.
A gnoll shaman comes into view. It is wielding a +0 whip.
Found a roughly hewn altar of Beogh.
The gnoll shaman shouts!
You slice the orc priest!!
You kill the orc priest!
Okawaru accepts your kill.
The orc priest looks encouraged for a moment.
The orc priest looks encouraged for a moment.
You open the gnoll shaman like a pillowcase!!!
You kill the gnoll shaman!
Okawaru accepts your kill.
You hit the orc priest. You headbutt the orc priest.
The orc priest hits you with a +0 falchion.
You barely miss the orc priest. You headbutt the orc priest!
You kill the orc priest!
Okawaru accepts your kill.
There is an open door, spattered with blood here.
Items here: %% ))) [[[ You butcher the gnoll corpse.
c - 20 chunks of flesh (gained 4)
There is an open door, spattered with blood here.
Items here: %% ))) [[[ You butcher the orc corpse.
c - 24 chunks of flesh (gained 4)
There is an open door, spattered with blood here.
Items here: %% ))) [[[ There isn't anything to butcher here.
There is a roughly hewn altar of Beogh here.
You open the door.
Donald the Adventurer comes into view.
He is wielding a +1 eveningstar of protection.
Donald shouts!
Donald says, "Okawaru always makes me think of chokos."
There is an open door here.
Donald mumbles some strange words.
Donald seems to grow stronger.
You barely miss Donald.
Donald gestures wildly while chanting.
Donald seems to speed up.
You slice Donald!!
Donald hits you with a +1 eveningstar of protection!
You hit Donald.
Donald hits you with a +1 eveningstar of protection!
You slice Donald!! Donald blocks your attack.
Donald hits you but does no damage.
You slash Donald!
Donald hits you with a +1 eveningstar of protection!!
Donald blocks your attack.
You headbutt Donald.
Donald hits you with a +1 eveningstar of protection.
* * * LOW HITPOINT WARNING * * *
You slash Donald! Donald hits you but does no damage.
You hit Donald. Donald blocks your attack.
Donald hits you with a +1 eveningstar of protection!!
* * * LOW HITPOINT WARNING * * *
You hit Donald but do no damage. Donald hits you but does no damage.
Donald blocks your attack.
Donald hits you with a +1 eveningstar of protection!
* * * LOW HITPOINT WARNING * * *
You hit Donald but do no damage. Your headbutt misses Donald.
Donald hits you with a +1 eveningstar of protection!!
* * * LOW HITPOINT WARNING * * *
Here: Donald, wielding a +1 eveningstar of protection, wearing a +0 plate armour and wearing a +0 shield (almost dead, fast, unusually strong)
The floor, spattered with blood.
You feel better.
Donald hits you with a +1 eveningstar of protection!
* * * LOW HITPOINT WARNING * * *
You hit Donald but do no damage. Donald blocks your attack.
Donald says, "I ran into an orc.
He called himself a warlord, and I asked what war?"
Donald hits you with a +1 eveningstar of protection.
* * * LOW HITPOINT WARNING * * *
You feel much better.
Donald hits you with a +1 eveningstar of protection!!
* * * LOW HITPOINT WARNING * * *
Donald says, "I'm hungry."
Donald hits you with a +1 eveningstar of protection!
You die...

#+###### ### . #..@H..#
..# ... ######'###.# ...
###.# #.....#.# .#
####....# #.._..).#
####......# #.....#.#
##........########+###.#
#..........#.....#.....#
......<....#.....#.#####
.).........#..}..'.#).\#


You could see Donald.

Vanquished Creatures
  Rupert (Orc:2)
  The ghost of Gall2222 the Bludgeoner, a journeyman TrCK of Xom (Lair:2)
  The ghost of Aghio the Covert, a journeyman HuAr of Trog (Lair:2)
  Snorg (D:11)
  The ghost of Juystrogi the Covert, a journeyman HuAr of Trog (Lair:2)
  Harold (D:7)
  7 hydras
  3 two-headed ogres
  4 death yaks (Lair:6)
  Sonja (Lair:1)
  A wizard (D:11)
  Pikel (D:7)
  A deep elf mage (D:11)
  A necromancer (IceCv)
  An orc knight (Orc:2)
  An orc sorcerer (Orc:2)
  A cyclops (D:11)
  8 elephants
  10 black mambas
  A torpor snail (Lair:6)
  Psyche (D:11)
  A gargoyle (D:10)
  2 ice statues (IceCv)
  A kobold demonologist (D:11)
  21 spiny frogs
  4 rime drakes
  7 komodo dragons
  9 ice devils (IceCv)
  3 trolls
  3 tyrant leeches (Lair:6)
  24 blink frogs
  7 dream sheep (Lair:6)
  2 slime creatures (D:8)
  5 hippogriffs
  Sigmund (D:6)
  A spriggan (D:7)
  A wraith (D:10)
  51 yaks
  A wyvern (Lair:5)
  2 basilisks
  A hungry ghost (D:10)
  2 fire bats (Volcano)
  A steam dragon (D:9)
  6 vampire mosquitoes (Lair:6)
  A swamp worm (Lair:2)
  16 water moccasins
  An eye of draining (D:11)
  4 porcupines
  2 ice beasts
  2 sky beasts
  8 ogres
  2 black bears (D:10)
  14 orc warriors
  2 phantoms
  3 wolves (Lair:6)
  A necrophage (D:5)
  2 centaurs (D:7)
  13 crocodiles
  8 big kobolds
  25 bullfrogs
  A gnoll sergeant (D:6)
  A wyvern skeleton (D:13)
  3 scorpions
  A water moccasin skeleton (D:8)
  2 electric eels (Lair:6)
  5 howler monkeys
  4 wights (D:9)
  2 crimson imps
  4 lava snakes (Volcano)
  A centaur zombie (D:10)
  3 draconian simulacra (IceCv)
  A bullfrog zombie (D:6)
  3 jellies (D:8)
  2 centaur skeletons
  A quasit (D:3)
  15 orc priests
  11 hounds
  16 orc wizards
  A bullfrog skeleton (D:12)
  A gnoll shaman (Orc:2)
  4 iguanas
  6 worker ants
  5 troll simulacra (IceCv)
  A killer bee zombie (D:8)
  A centaur simulacrum (IceCv)
  A hound skeleton (D:9)
  A worker ant zombie (D:9)
  17 adders
  46 gnolls
  A howler monkey skeleton (D:5)
  A naga simulacrum (IceCv)
  A shadow imp (D:7)
  11 oozes
  2 adder zombies
  3 worms
  A dart slug (D:3)
  6 leopard geckos
  62 orcs
  2 ball pythons
  5 bats
  4 giant cockroaches
  9 hobgoblins
  22 jackals
  5 quokkas
  2 frilled lizards
  5 goblins
  25 kobolds
  6 rats
  A bush (Lair:6)
  7 fungi
  5 plants
654 creatures vanquished.

Vanquished Creatures (others)
  A crimson imp (D:7)
  2 bushes (Lair:6)
  21 fungi
  71 plants
  11 toadstools (D:8)
106 creatures vanquished.

Grand Total: 760 creatures vanquished

Notes
Turn   | Place    | Note
-------+----------+-------------------------------------------
     0 | D:1      | StandStab the Minotaur Fighter began the quest for the Orb.
     0 | D:1      | Reached XP level 1. HP: 19/19 MP: 0/0
    54 | D:1      | Reached skill level 4 in Shields
    58 | D:1      | Reached skill level 3 in Axes
    58 | D:1      | Reached XP level 2. HP: 22/26 MP: 1/1
   402 | D:1      | Found a sparkling altar of Nemelex Xobeh.
   730 | D:2      | Reached XP level 3. HP: 19/31 MP: 2/2
   763 | D:2      | Found a sacrificial altar of Ru.
   959 | D:2      | Reached skill level 4 in Axes
  1010 | D:2      | Reached XP level 4. HP: 28/39 MP: 3/3
  1017 | D:2      | Reached skill level 5 in Shields
  1017 | D:2      | HP: 9/39 [adder (3)]
  1019 | D:2      | HP: 4/39 [adder (4)]
  1683 | D:3      | Reached XP level 5. HP: 45/45 MP: 4/4
  1684 | D:3      | Noticed a phantom
  1740 | D:3      | Killed a phantom
  1740 | D:3      | Reached skill level 5 in Axes
  1740 | D:3      | Reached skill level 6 in Shields
  1877 | D:3      | Reached XP level 6. HP: 40/52 MP: 5/5
  1906 | D:3      | Reached skill level 4 in Fighting
  1983 | D:3      | Reached skill level 6 in Axes
  1984 | D:3      | HP: 13/53 [something/magic dart (7)]
  2348 | D:3      | Reached skill level 4 in Armour
  2786 | D:3      | Found a faded altar of an unknown god.
  2889 | D:4      | Reached skill level 5 in Fighting
  3014 | D:4      | Reached XP level 7. HP: 59/61 MP: 6/6
  3361 | D:5      | Entered Level 5 of the Dungeon
  3507 | D:5      | Reached skill level 5 in Armour
  3677 | D:5      | Reached skill level 6 in Fighting
  3749 | D:5      | Found a deep blue altar of Sif Muna.
  3802 | D:5      | Found a staircase to the Ecumenical Temple.
  3837 | Temple   | Entered the Ecumenical Temple
  3950 | D:5      | Reached skill level 6 in Armour
  4024 | D:5      | Found a bloodstained altar of Trog.
  4024 | D:5      | Found an ornate altar of the Wu Jian Council.
  4122 | D:5      | Reached skill level 7 in Axes
  4242 | D:6      | Found a snail-covered altar of Cheibriados.
  4300 | D:6      | Got a faintly glowing hunting sling
  4305 | D:6      | Noticed Sigmund
  4324 | D:6      | Killed Sigmund
  4324 | D:6      | Reached skill level 7 in Armour
  4324 | D:6      | Reached XP level 8. HP: 52/70 MP: 7/7
  4446 | D:6      | Found a sand-covered staircase.
  4454 | D:6      | Reached skill level 8 in Axes
  4778 | D:6      | Reached skill level 8 in Armour
  4946 | D:6      | Reached skill level 9 in Axes
  5008 | D:6      | Reached skill level 9 in Armour
  5317 | D:6      | Reached XP level 9. HP: 73/75 MP: 8/8
  5969 | D:7      | Noticed Harold
  5981 | D:7      | Reached skill level 10 in Axes
  5999 | D:7      | Killed Harold
  5999 | D:7      | Reached skill level 7 in Fighting
  5999 | D:7      | Reached skill level 10 in Armour
  6237 | D:7      | Noticed Pikel
  6255 | D:7      | Killed Pikel
  6255 | D:7      | Reached skill level 11 in Axes
  6498 | D:7      | Reached skill level 8 in Fighting
  6588 | D:7      | Reached XP level 10. HP: 88/88 MP: 9/9
  6639 | D:7      | Found an iron altar of Okawaru.
  6642 | D:7      | Became a worshipper of Warmaster Okawaru
  6922 | D:8      | Found a sparkling altar of Nemelex Xobeh.
  7310 | D:8      | Reached skill level 9 in Fighting
  7667 | D:8      | Reached skill level 12 in Axes
  7671 | D:8      | Reached * piety under Okawaru
  7921 | D:9      | Reached skill level 10 in Fighting
  8376 | D:9      | Reached ** piety under Okawaru
  8376 | D:9      | Reached skill level 13 in Axes
  8376 | D:9      | Reached skill level 7 in Shields
  8679 | D:10     | Entered Level 10 of the Dungeon
  8679 | D:10     | Found a staircase to the Lair.
  9000 | D:10     | Noticed a gargoyle
  9009 | D:10     | Killed a gargoyle
  9017 | D:10     | Noticed a two-headed ogre
  9025 | D:10     | Killed a two-headed ogre
  9025 | D:10     | Reached XP level 11. HP: 67/99 MP: 10/10
  9350 | D:10     | Reached skill level 8 in Shields
  9637 | D:10     | Found Bexeneuxi's Changing Room.
  9696 | D:10     | You fall into a shaft and drop 3 floors!
  9848 | D:11     | Reached *** piety under Okawaru
 10108 | D:11     | Noticed Snorg
 10135 | D:11     | Killed Snorg
 10135 | D:11     | Reached skill level 14 in Axes
 10135 | D:11     | Reached skill level 9 in Shields
 10166 | D:11     | Noticed Psyche
 10181 | D:11     | Killed Psyche
 10408 | D:11     | Noticed a deep elf mage
 10419 | D:11     | Killed a deep elf mage
 10435 | D:11     | Noticed a two-headed ogre
 10443 | D:11     | Killed a two-headed ogre
 10443 | D:11     | Reached **** piety under Okawaru
 10446 | D:11     | Reached skill level 10 in Shields
 10709 | D:11     | Noticed a wizard
 10729 | D:11     | Killed a wizard
 10911 | D:11     | Reached ***** piety under Okawaru
 10951 | D:11     | Reached skill level 15 in Axes
 10953 | D:11     | Got an ancient buckler
 11053 | D:11     | Found a staircase to the Orcish Mines.
 11068 | D:10     | Identified the +0 buckler of Dupim {rPois rF- SInv} (You
                  | found it on level 11 of the Dungeon)
 11104 | D:10     | Reached skill level 11 in Shields
 11491 | D:11     | Reached XP level 12. HP: 90/106 MP: 8/11
 11569 | D:11     | Received a gift from Okawaru
 11579 | D:11     | Got a crystal war axe {god gift}
 11580 | D:11     | Identified the +9 war axe "Beetle's Funeral" {freeze, Str+3
                  | Int-2 Dex+7} (Okawaru gifted it to you on level 11 of the
                  | Dungeon)
 11863 | Lair:1   | Entered Level 1 of the Lair of Beasts
 11957 | Lair:1   | Noticed Sonja
 12497 | Lair:1   | Reached skill level 12 in Shields
 12915 | Lair:1   | Killed Sonja
 13239 | Lair:2   | Noticed a five-headed hydra
 13251 | Lair:2   | Killed an eight-headed hydra
 13251 | Lair:2   | Reached skill level 16 in Axes
 13605 | Lair:2   | Reached skill level 13 in Shields
 13663 | Lair:2   | Noticed a seven-headed hydra
 13670 | Lair:2   | Noticed a six-headed hydra
 13683 | Lair:2   | Killed a 14-headed hydra
 13691 | Lair:2   | Reached skill level 11 in Fighting
 13854 | Lair:2   | Killed a 14-headed hydra
 14063 | Lair:2   | Found a staircase to the Swamp.
 14115 | Lair:2   | Found a runed translucent gate.
 14115 | Lair:2   | Found a runed translucent gate.
 14115 | Lair:2   | Found a runed translucent gate.
 14116 | Lair:2   | Noticed Juystrogi's ghost (journeyman HuAr)
 14116 | Lair:2   | Noticed Aghio's ghost (journeyman HuAr)
 14116 | Lair:2   | Noticed Gall2222's ghost (journeyman TrCK)
 14315 | Lair:2   | Killed Aghio's ghost
 14330 | Lair:2   | Killed Gall2222's ghost
 14332 | Lair:2   | Killed Juystrogi's ghost
 14398 | Lair:3   | Reached ****** piety under Okawaru
 14431 | Lair:3   | Reached XP level 13. HP: 104/117 MP: 10/12
 14463 | Lair:3   | Reached skill level 14 in Shields
 14521 | Lair:3   | Reached skill level 12 in Fighting
 14580 | Lair:3   | Received a gift from Okawaru
 14725 | Lair:3   | Found a frozen archway.
 14735 | IceCv    | Entered an ice cave
 15177 | IceCv    | Got a bloodstained hand crossbow
 15182 | IceCv    | Got a dazzling broad axe
 15833 | Lair:3   | Identified the +9 broad axe "Cehux" {antimagic, rF+} (You
                  | found it in an ice cave)
 15872 | Lair:3   | Reached skill level 13 in Fighting
 16120 | Lair:4   | Reached skill level 15 in Shields
 16293 | Lair:4   | Found a hole to the Spider Nest.
 16341 | Lair:4   | Got a distressingly furry chain mail
 16675 | Spider:1 | Entered Level 1 of the Spider Nest
 16859 | Lair:5   | Found a dark tunnel.
 16868 | Volcano  | Entered a volcano
 17591 | Lair:5   | Reached skill level 11 in Armour
 18052 | Lair:5   | Reached skill level 14 in Fighting
 18237 | Lair:6   | Entered Level 6 of the Lair of Beasts
 18286 | Lair:6   | Received a gift from Okawaru
 18352 | Lair:6   | Reached skill level 12 in Armour
 18405 | Lair:6   | Reached XP level 14. HP: 72/133 MP: 7/13
 18413 | Lair:6   | Got a pitted battleaxe {god gift}
 18549 | Lair:6   | Identified the +9 battleaxe "Hejam" {holy, -Tele rElec rC+}
                  | (Okawaru gifted it to you on level 6 of the Lair of Beasts)
 18732 | Lair:6   | Reached skill level 15 in Fighting
 18737 | Lair:6   | Received a gift from Okawaru
 19406 | Lair:6   | HP: 32/135 [ten-headed hydra (7)]
 19891 | Lair:6   | Reached skill level 17 in Axes
 19992 | Lair:6   | Found a viscous altar of Jiyva.
 19992 | Lair:6   | Found a staircase to the Slime Pits.
 20063 | Lair:6   | Reached skill level 16 in Fighting
 20443 | Lair:6   | Identified a scroll of acquirement
 20588 | Orc:1    | Entered Level 1 of the Orcish Mines
 20750 | Orc:2    | Entered Level 2 of the Orcish Mines
 20834 | Orc:2    | Noticed Rupert
 20838 | Orc:2    | Paralysed by Rupert for 4 turns
 20857 | Orc:2    | HP: 20/137 [Rupert/+6 battleaxe of electrocution (15)]
 20858 | Orc:2    | HP: 7/137 [Rupert/+6 battleaxe of electrocution (14)]
 20859 | Orc:2    | Killed Rupert
 20943 | Orc:2    | Received a gift from Okawaru
 21003 | Orc:2    | Identified a +2 pair of boots of running (Okawaru gifted it
                  | to you on level 2 of the Orcish Mines)
 21013 | Orc:2    | Identified the +3 chain mail "Porribb" {rPois} (You found
                  | it on level 4 of the Lair of Beasts)
 21207 | Orc:2    | Found Mownaojo's Antique Armour Boutique.
 21224 | Orc:2    | Bought a runed scarf for 200 gold pieces
 21254 | Orc:2    | Found a roughly hewn altar of Beogh.
 21274 | Orc:2    | Noticed Donald
 21287 | Orc:2    | HP: 16/138 [Donald/+1 eveningstar of protection (24)]
 21289 | Orc:2    | HP: 4/138 [Donald/+1 eveningstar of protection (6)]
 21290 | Orc:2    | Demolished by Donald

Levels and vault maps discovered:
D:1:      dpeg_arrival_pits, layout_basic, nemelex_diamond_rough_becter
D:2:      layout_loops_ring, nicolae_ru_sacrificial_ziggurat,
          nrook_mini_backslash
D:3:      layout_loops_ring, chequers_ecumenical_altar_lobes, minmay_bisected
D:4:      layout_cave_pools, hangedman_decor_opposing, minmay_cupped
D:5:      layout_loops_cross, gammafunk_temple_overflow_pools, kennysheep_mini,
          minmay_temple_entry_antechambers, first_ration
D:6:      lemuel_castle_with_subvaults [lemuel_castle_interior_carwin_1],
          layout_basic, basic_altar, nicolae_ossuary_entry_monument,
          uniq_sigmund
D:7:      layout_loops_ring, kennysheep_mini_moat, minmay_tree_intersection,
          the_bakery, uniq_harold, uniq_pikel
D:8:      cheibrodos_fertilizer, layout_loops_cross, overflow_temple_1_default
D:9:      layout_cave_pools
D:10:     layout_cave_pools, lair_entry_dummy, nicolae_transmutations_shop
D:11:     layout_stronghold, orc_0_dummy, lightli_wizard_tower, uniq_psyche,
          uniq_snorg
D:12:     layout_small_grid
D:13:     layout_long_grid
Temple:   nicolae_temple_x_marks_the_god
Lair:1:   layout_cave_pods, chequers_serial_rivers_room_a,
          infiniplex_staircase_pool_2, uniq_sonja
Lair:2:   layout_roguey, palyth_hydra_swamp_entry, gammafunk_ghost_cemetery,
          lemuel_fruit_tree
Lair:3:   layout_cave_shapes, portal_ice_cave_rime
Lair:4:   layout_hall_layers, spider_nest_entry_a, columned_hall_lemuel
Lair:5:   layout_regular_city, enter_volcano_1, lemuel_fruit_fields,
          grunt_megastairs_3
Lair:6:   minmay_lair_end_frog_pond, layout_small_grid, slime_altar_1
Spider:1: gammafunk_its_a_trap, guppyfry_spider_mini_3
Orc:1:    layout_caves, ebering_ghost_xom
Orc:2:    pubby_orc_utopia, uniq_maurice, uniq_rupert, uniq_donald

Skill      XL: |  1  2  3  4  5  6  7  8  9 10 11 12 13 14 |
---------------+-------------------------------------------+-----
Shields        | 4 5 6 7 11 13 15 | 15.0
Axes           | 3 4 5 6 7 9 11 13 15 16 17 | 17.7
Fighting       | 5 6 8 10 11 14 16 | 16.5
Armour         | 4 7 9 10 12 | 12.3

Action                   |  1- 3 |  4- 6 |  7- 9 | 10-12 | 13-15 || total
-------------------------+-------+-------+-------+-------+-------++-------
Melee: War axe           |    81 |   156 |   339 |   353 |   236 ||  1165
       Headbutt          |    10 |    20 |    76 |   200 |   148 ||   454
       Broad axe         |       |       |       |    55 |    52 ||   107
       Hand axe          |       |       |       |   281 |       ||   281
       Battleaxe         |       |       |       |       |   320 ||   320
Invok: Heroism           |       |       |       |     1 |     4 ||     5
  Use: Potion            |       |     4 |       |     2 |     3 ||     9
       Scroll            |       |     5 |     5 |     7 |    10 ||    27
 Stab: Sleeping          |       |       |       |       |     1 ||     1
  Eat: Chunk             |       |     2 |     9 |     9 |     8 ||    28
       Ration            |       |     2 |     1 |     6 |     3 ||    12
Armor: Scale mail        |    29 |    72 |    23 |       |       ||   124
       Chain mail        |       |       |    96 |       |       ||    96
       Plate armour      |       |       |    31 |   300 |   310 ||   641
       Robe              |       |       |       |       |    10 ||    10
Dodge: Dodged            |    34 |    49 |    96 |   167 |   219 ||   565
Block: Shield            |    43 |    97 |   170 |   220 |       ||   530
       Buckler           |       |       |       |    72 |    70 ||   142

Table legend:
 A = Non-vault XP
 B = Vault XP
 C = Vault XP percentage of total XP
 D = Non-vault monster count
 E = Vault monster count
 F = Vault count percentage of total count
                 A         B        C        D         E       F
            +---------+---------+-------+---------+---------+-------
      Total |   58288 |   38647 |  39.9 |     408 |     233 |  36.3
            +---------+---------+-------+---------+---------+-------
        D:1 |      29 |       0 |   0.0 |      14 |       0 |   0.0
        D:2 |      96 |       0 |   0.0 |      24 |       0 |   0.0
        D:3 |     490 |      17 |   3.4 |      37 |       3 |   7.5
        D:4 |     168 |      39 |  18.8 |      12 |       2 |  14.3
        D:5 |     575 |       0 |   0.0 |      13 |       0 |   0.0
        D:6 |     796 |     915 |  53.5 |      19 |      56 |  74.7
        D:7 |     768 |    1876 |  71.0 |      15 |       3 |  16.7
        D:8 |     762 |    1004 |  56.9 |      14 |      18 |  56.2
        D:9 |    2192 |       0 |   0.0 |      28 |       0 |   0.0
       D:10 |    4655 |       0 |   0.0 |      28 |       0 |   0.0
       D:11 |    6140 |    2337 |  27.6 |      49 |       4 |   7.5
       D:12 |      39 |       0 |   0.0 |       1 |       0 |   0.0
       D:13 |      76 |       0 |   0.0 |       1 |       0 |   0.0
     Lair:1 |    2756 |     814 |  22.8 |      14 |       1 |   6.7
     Lair:2 |    4884 |    5914 |  54.8 |      18 |       8 |  30.8
     Lair:3 |    5202 |     737 |  12.4 |      21 |       2 |   8.7
     Lair:4 |    2607 |       0 |   0.0 |      13 |       0 |   0.0
     Lair:5 |    6163 |     239 |   3.7 |      17 |       2 |  10.5
     Lair:6 |   19389 |   12096 |  38.4 |      59 |      48 |  44.9
      Orc:1 |     501 |      24 |   4.6 |      11 |       8 |  42.1
      Orc:2 |       0 |    7210 | 100.0 |       0 |      50 | 100.0
      IceCv |       0 |    4859 | 100.0 |       0 |      22 | 100.0
    Volcano |       0 |     566 | 100.0 |       0 |       6 | 100.0
            +---------+---------+-------+---------+---------+-------

Levels and vault maps discovered:
D:1:      dpeg_arrival_pits, layout_basic, nemelex_diamond_rough_becter
D:2:      layout_loops_ring, nicolae_ru_sacrificial_ziggurat,
          nrook_mini_backslash
D:3:      layout_loops_ring, chequers_ecumenical_altar_lobes, minmay_bisected
D:4:      layout_cave_pools, hangedman_decor_opposing, minmay_cupped
D:5:      layout_loops_cross, gammafunk_temple_overflow_pools, kennysheep_mini,
          minmay_temple_entry_antechambers, first_ration
D:6:      lemuel_castle_with_subvaults [lemuel_castle_interior_carwin_1],
          layout_basic, basic_altar, nicolae_ossuary_entry_monument,
          uniq_sigmund
D:7:      layout_loops_ring, kennysheep_mini_moat, minmay_tree_intersection,
          the_bakery, uniq_harold, uniq_pikel
D:8:      cheibrodos_fertilizer, layout_loops_cross, overflow_temple_1_default
D:9:      layout_cave_pools
D:10:     layout_cave_pools, lair_entry_dummy, nicolae_transmutations_shop
D:11:     layout_stronghold, orc_0_dummy, lightli_wizard_tower, uniq_psyche,
          uniq_snorg
D:12:     layout_small_grid
D:13:     layout_long_grid
Temple:   nicolae_temple_x_marks_the_god
Lair:1:   layout_cave_pods, chequers_serial_rivers_room_a,
          infiniplex_staircase_pool_2, uniq_sonja
Lair:2:   layout_roguey, palyth_hydra_swamp_entry, gammafunk_ghost_cemetery,
          lemuel_fruit_tree
Lair:3:   layout_cave_shapes, portal_ice_cave_rime
Lair:4:   layout_hall_layers, spider_nest_entry_a, columned_hall_lemuel
Lair:5:   layout_regular_city, enter_volcano_1, lemuel_fruit_fields,
          grunt_megastairs_3
Lair:6:   minmay_lair_end_frog_pond, layout_small_grid, slime_altar_1
Spider:1: gammafunk_its_a_trap, guppyfry_spider_mini_3
Orc:1:    layout_caves, ebering_ghost_xom
Orc:2:    pubby_orc_utopia, uniq_maurice, uniq_rupert, uniq_donald

Table legend:
 A = Turns spent in this place as a percentage of turns spent in the entire game.
 B = Non-inter-level travel turns spent in this place as a percentage of non-inter-level travel turns spent in the entire game.
 C = Inter-level travel turns spent in this place as a percentage of turns spent in this place.
 D = Turns resting spent in this place as a percentage of non-inter-level travel turns spent in this place.
 E = Turns spent auto-exploring this place as a percentage of non-inter-level travel turns spent in this place.
 F = Non-inter-level travel turns spent in this place divided by the number of levels of this place that you've seen.
                   A       B       C       D       E      F
               +-------+-------+-------+-------+-------+----------------------
         Total | 100.0 | 100.0 |   4.2 |  29.3 |  47.8 | 815.9
       Dungeon |  55.4 |  54.6 |   5.6 |  27.8 |  50.7 | 857.2
        Temple |   0.5 |   0.4 |   9.4 |   0.0 |  58.6 |  87.0
          Lair |  32.8 |  33.1 |   3.2 |  28.4 |  50.3 | 1126.7
   Spider Nest |   0.0 |   0.0 |   0.0 |   0.0 |   0.0 |   2.0
  Orcish Mines |   3.3 |   3.4 |   1.1 |   0.0 |  33.4 | 347.0
      Ice Cave |   5.1 |   5.3 |   0.0 |  67.6 |  12.7 | 1087.0
       Volcano |   2.9 |   3.1 |   0.0 |  34.9 |  45.0 | 624.0
               +-------+-------+-------+-------+-------+----------------------

Table legend:
 A = Kills in this place as a percentage of kills in entire the game.
 B = Kills by you in this place as a percentage of kills by you in the entire game.
 C = Kills by friends in this place as a percentage of kills by friends in the entire game.
 D = Other kills in this place as a percentage of other kills in the entire game.
 E = Experience gained in this place as a percentage of experience gained in the entire game.
 F = Experience gained in this place divided by the number of levels of this place that you have seen.
                   A       B       C       D       E      F
               +-------+-------+-------+-------+-------+----------------------
         Total | 100.0 | 100.0 |   N/A |   N/A | 100.0 | 3877.4
       Dungeon |  53.2 |  53.2 |   N/A |   N/A |  23.7 | 1767.2
          Lair |  31.7 |  31.7 |   N/A |   N/A |  62.7 | 10133.5
  Orcish Mines |  10.8 |  10.8 |   N/A |   N/A |   8.0 | 3867.5
      Ice Cave |   3.4 |   3.4 |   N/A |   N/A |   5.0 | 4859.0
       Volcano |   0.9 |   0.9 |   N/A |   N/A |   0.6 | 566.0
               +-------+-------+-------+-------+-------+----------------------
